 Dungeon Crawl Stone Soup version 0.30.0-20-g3615ddf2f0 (webtiles) character file.

Game seed: 15813641029013225355

97 qw the Chopper (level 4, -2/28 HPs)
             Began as a Gargoyle Fighter on May 31, 2023.
             Killed by divine providence
             ... invoked by an orc priest
              (13 damage)
             ... on level 3 of the Dungeon.
             The game lasted 00:00:51 (1761 turns).

qw the Chopper (Gargoyle Fighter)                   Turns: 1761, Time: 00:00:52

Health: -2/28      AC: 14    Str: 22    XL:     4   Next: 68%
Magic:  4/4        EV:  9    Int:  8    God:
Gold:   137        SH:  4    Dex:  9    Spells: 3/3 levels left

rFire   . . .        Y - +0 war axe
rCold   . . .        c - +0 buckler
rNeg    + . .        b - +0 scale mail
rPois   inf          (no helmet)
rElec   +            (no cloak)
rCorr   .            (no gloves)
SInv    .            (no boots)
Will    .....        (no amulet) Stlth
                     g - +4 ring of protection
HPRegen 0.24/turn    (no ring)
MPRegen 0.09/turn

%: no passive effects
@: no status effects
A: sickness immunity, AC +3, negative energy resistance 1, electricity
resistance, torment resistance 1, petrification resistance
a: no special abilities


You were on level 3 of the Dungeon.
You visited 1 branch of the dungeon, and saw 3 of its levels.

You collected 137 gold pieces.


Innate Abilities, Weirdness & Mutations

You are immune to sickness and miasma.
Your stone body is resilient. (AC +3)
You are immune to poison.
You resist negative energy. (rN+)
You are resistant to electric shocks. (rElec)
You are resistant to unholy torment.
You are immune to petrification.


   Skills:
 - Level 3.2 Fighting
 + Level 4.3 Axes
 - Level 3.2 Armour
 - Level 3.2 Shields


You had 3 spell levels left.
You didn't know any spells.
Your spell library was empty.

Inventory:

Hand Weapons
 e - a +0 flail
 Y - a +0 war axe (weapon)
Missiles
 h - 4 boomerangs (quivered)
Armour
 b - a +0 scale mail (worn)
 c - a +0 buckler (worn)
Jewellery
 g - a +4 ring of protection (left hand)
Scrolls
 a - a scroll of noise {unknown}
 l - a scroll of identify
 m - a scroll of enchant armour
Potions
 d - 2 potions of might
 j - a potion of heal wounds {unknown}
 k - 2 potions of curing

Dungeon Overview and Level Annotations

Branches:
Dungeon (3/15)

Altars:
Gozag


Message History

An endoplasm comes into view.
You throw a boomerang. The boomerang hits the endoplasm.
The endoplasm is lightly wounded.
A giant cockroach comes into view.
1728 ||| Stepping ~*~*~tactically~*~*~ (stealth).
You slash the endoplasm!
You kill the endoplasm!
The giant cockroach bites you but does no damage.
You hit the giant cockroach.
You kill the giant cockroach!
Found a book of Power.
An orc priest and an orc wizard come into view.
Found 13 gold pieces.
The orc priest shouts!
The orc wizard shouts!
An orc comes into view. It is wielding a +0 short sword.
The orc wizard points at you and mumbles some strange words.
The magic dart hits you.
The orc priest invokes the aid of Beogh against you.
Beogh smites you!
Ouch! That really hurt!
1737 ||| FLEEEEING.
1738 ||| FLEEEEING.
1739 ||| FLEEEEING.
1740 ||| FLEEEEING.
There is an open door here.
1748 ||| FLEEEEING.
1749 ||| FLEEEEING.
1750 ||| FLEEEEING.
1751 ||| FLEEEEING.
You see here a +0 club.
1754 ||| FLEEEEING.
1755 ||| FLEEEEING.
The orc priest looks braver for a moment.
The orc priest calls down the wrath of Beogh upon you.
Pain shoots through your body! The orc wizard casts a spell at you.
The puff of flame hits you but does no damage.
The orc priest invokes the aid of Beogh against you.
Beogh smites you!
You die...

........... ......<....
........... #......
######## ##.....
######o¤¤...######...
####.....o.......####.##
#.......)~¤~¤~¤~.o....#
#.#....@¤¤¤¤~¤¤..######
#.#.....¤¤_....8.'....#
#.#.....~~~~~~.¤.####.#
#.#......¤¤¤~~~~.#
#.###+#...¤...¤..# #.#
#.############ #.# #.#
#.# #.# #.# #.#


You could see an orc priest and an orc wizard.

Vanquished Creatures
  4 gnolls (D:2)
  An adder (D:2)
  A worm (D:2)
  A dart slug (D:2)
  A bat (D:1)
  5 endoplasms
  2 giant cockroaches
  5 goblins
  5 hobgoblins
  3 jackals (D:1)
  A quokka (D:2)
  2 ball pythons (D:1)
  5 frilled lizards
  4 kobolds
  3 rats (D:1)
43 creatures vanquished.

Notes
Turn   | Place    | Note
-------+----------+-------------------------------------------
     0 | D:1      | qw the Gargoyle Fighter began the quest for the Orb.
     0 | D:1      | Reached XP level 1. HP: 14/14 MP: 1/1
     0 | D:1      | 0 ||| qw: Version: 0.2-a-102-gfc559e5
     0 | D:1      | 0 ||| qw: Game counter: 598
     0 | D:1      | 0 ||| qw: Always use a shield: true
     0 | D:1      | 0 ||| qw: God list: Okawaru
     0 | D:1      | 0 ||| qw: Allow faded altars: false
     0 | D:1      | 0 ||| qw: Do Orc after D:15 true
     0 | D:1      | 0 ||| qw: Do second Lair branch before Depths: true
     0 | D:1      | 0 ||| qw: Lair rune preference: random
     0 | D:1      | 0 ||| qw: Plans: Normal, Zot:1-4, Slime:5, God:TSO, Crypt,
                  | Tomb, Pan, Hells, Abyss, Win
     0 | D:1      | 0 ||| PLANNING D:1-11
    52 | D:1      | Reached skill level 2 in Axes
    79 | D:1      | Reached XP level 2. HP: 16/19 MP: 2/2
   369 | D:1      | 369 ||| Stepping ~*~*~tactically~*~*~ (stealth).
   533 | D:1      | Reached skill level 3 in Axes
   701 | D:1      | Reached XP level 3. HP: 23/23 MP: 3/3
   765 | D:1      | 765 ||| UPGRADING to +4 ring of protection.
   771 | D:1      | 771 ||| READING scroll labelled QENKOI LAOLI.
   773 | D:1      | 773 ||| READING scroll labelled IFI DIWIHYTROU.
   776 | D:1      | 776 ||| READING scroll labelled UPRUZIREDA.
   777 | D:1      | 777 ||| READING 2 scrolls labelled VIWINKE KYFOE.
   778 | D:1      | 778 ||| DRINKING 2 blue potions.
   779 | D:1      | 779 ||| DROPPING potion of flight.
   835 | D:2      | 835 ||| DROPPING +0 club.
   887 | D:2      | 887 ||| Stepping ~*~*~tactically~*~*~ (stealth).
   901 | D:2      | Reached XP level 4. HP: 21/28 MP: 4/4
   927 | D:2      | Reached skill level 4 in Axes
   991 | D:2      | 991 ||| DROPPING +0 whip.
  1138 | D:2      | 1138 ||| Stepping ~*~*~tactically~*~*~ (stealth).
  1623 | D:2      | 1623 ||| READING scroll labelled EPRUB UMITECU.
  1627 | D:2      | 1627 ||| READING scroll labelled ZOTZOL SALUOQO.
  1628 | D:2      | 1628 ||| DRINKING 3 smoky emerald potions.
  1629 | D:2      | 1629 ||| DRINKING 3 sedimented black potions.
  1630 | D:2      | 1630 ||| READING 2 scrolls of identify.
  1630 | D:2      | 1630 ||| IDENTIFYING clear potion
  1631 | D:2      | 1631 ||| DROPPING 2 potions of invisibility.
  1632 | D:2      | 1632 ||| DROPPING potion of ambrosia.
  1685 | D:3      | Found an opulent altar of Gozag.
  1728 | D:3      | 1728 ||| Stepping ~*~*~tactically~*~*~ (stealth).
  1737 | D:3      | 1737 ||| FLEEEEING.
  1738 | D:3      | 1738 ||| FLEEEEING.
  1739 | D:3      | 1739 ||| FLEEEEING.
  1740 | D:3      | 1740 ||| FLEEEEING.
  1748 | D:3      | 1748 ||| FLEEEEING.
  1749 | D:3      | 1749 ||| FLEEEEING.
  1750 | D:3      | 1750 ||| FLEEEEING.
  1751 | D:3      | 1751 ||| FLEEEEING.
  1754 | D:3      | 1754 ||| FLEEEEING.
  1755 | D:3      | 1755 ||| FLEEEEING.
  1761 | D:3      | Killed from afar by an orc priest

Levels and vault maps discovered:
D:1:      lightli_molten_gateway, layout_basic
D:2:      layout_loops_ring, serial_forest, infiniplex_forest_clump_C,
          infiniplex_forest_straight_4, infiniplex_forest_straight_4,
          infiniplex_forest_lined_corner, infiniplex_forest_lined_room_3,
          infiniplex_forest_zigzag_1, infiniplex_forest_clump_curved
D:3:      layout_basic, nicolae_wu_jian_wuxing_cycle,
          nicolae_overflow_hidden_temple, mainiacjoe_overflow_catwalk,
          saegor_snake_ambush

Skill      XL: |  1  2  3  4 |
---------------+-------------+-----
Axes           | 2 3 4 |  4.3
Fighting       | |  3.2
Armour         | |  3.2
Shields        | |  3.2

Action                     |  1- 3 |  4- 6 || total
---------------------------+-------+-------++-------
  Melee: War axe           |    62 |    27 ||    89
  Throw: Boomerang         |       |    23 ||    23
    Use: Scroll            |     4 |     3 ||     7
         Potion            |     1 |     2 ||     3
 Armour: Scale mail        |    21 |     9 ||    30
  Dodge: Dodged            |    21 |    11 ||    32
  Block: Buckler           |    10 |     2 ||    12

Table legend:
 A = Non-vault XP
 B = Vault XP
 C = Vault XP percentage of total XP
 D = Non-vault monster count
 E = Vault monster count
 F = Vault count percentage of total count
                 A         B        C        D         E       F
            +---------+---------+-------+---------+---------+-------
      Total |     139 |       0 |   0.0 |      43 |       0 |   0.0
            +---------+---------+-------+---------+---------+-------
        D:1 |      38 |       0 |   0.0 |      23 |       0 |   0.0
        D:2 |      93 |       0 |   0.0 |      16 |       0 |   0.0
        D:3 |       8 |       0 |   0.0 |       4 |       0 |   0.0
            +---------+---------+-------+---------+---------+-------
